 Dungeon Crawl Stone Soup version 0.30-a0-1112-gfb780f5df6 (webtiles) character file.

Game seed: 15010570799904558069

128 jasper the Chopper (level 4, 0/55 HPs)
             Began as a Demonspawn Cinder Acolyte on Apr 19, 2023.
             Was a High Priest of Ignis.
             Succumbed to an orc wizard's poison
             ... on level 3 of the Dungeon.
             The game lasted 00:05:01 (1686 turns).

jasper the Chopper (Demonspawn Cinder Acolyte)      Turns: 1686, Time: 00:05:01

Health: 0/55       AC:  8    Str: 16    XL:     4   Next: 86%
Magic:  5/5        EV:  7    Int: 16    God:    Ignis [*****.]
Gold:   92         SH:  0    Dex:  8    Spells: 5/5 levels left

rFire   + . .      SeeInvis .    a - +0 hand axe (flame)
rCold   . . .      Faith    .    (no shield)
rNeg    . . .      Spirit   .    e - +0 chain mail
rPois   .          Reflect  .    (no helmet)
rElec   .          Rampage  .    (no cloak)
rCorr   .                        (no gloves)
Will    .....                    (no boots) Stlth
                                 (no amulet)
HPRegen 0.29/turn                (no ring)
MPRegen 0.09/turn                (no ring)

@: confused, mighty, berserking (expiring), lethally poisoned (0 -> -17), very
quick
A: hooves 1, powered by death 1
a: Renounce Religion, Fiery Armour, Foxfire Swarm, Rising Flame


You were on level 3 of the Dungeon.
You worshipped Ignis.
Ignis was extremely pleased with you.
You visited 1 branch of the dungeon, and saw 3 of its levels.

You collected 92 gold pieces.

Inventory:

Hand Weapons
 a - a +0 hand axe of flaming (weapon)
 m - a +3 flail
Missiles
 g - 11 stones (quivered)
 j - 8 poisoned darts
Armour
 b - a +0 robe
 c - a +0 scale mail
 e - a +0 chain mail (worn)
Scrolls
 d - a scroll of fear
 l - a scroll of teleportation
Potions
 i - 2 potions of might
 k - a potion of magic {unknown}


   Skills:
 + Level 3.9 Fighting
 * Level 4.3 Axes
 + Level 1.0 Armour
 - Level 1.0 Spellcasting
 - Level 2.6 Fire Magic


You had 5 spell levels left.
You didn't know any spells.
Your spell library contained the following spells:

 Spells                   Type           Power      Damage    Failure   Level
 Scorch                   Fire           18%        2d6       83%         2


Dungeon Overview and Level Annotations

Branches:
Dungeon (3/15)

Altars:


Innate Abilities, Weirdness & Mutations

You have large cloven feet.
You regenerate a little health from kills.


Message History

A red film seems to cover your vision as you go berserk!
You feel yourself moving faster!
You feel mighty!
* * * LOW HITPOINT WARNING * * *
You feel very sick. The orc barely misses you. Something hits you.
* * * LOW HITPOINT WARNING * * *
You are more poisoned.
The orc priest hits you but does no damage.
You now have 3/55 hp.
You bump into the rock wall.
You feel a strong urge to attack something.
* * * LOW HITPOINT WARNING * * *
You feel very sick.
You closely miss something. You barely miss the orc. You miss the orc priest.
* * * LOW HITPOINT WARNING * * *
You feel very sick. Something hits you but does no damage.
You are more poisoned.
The orc priest hits you but does no damage.
The orc hits you but does no damage.
The goblin shoots a sling bullet.
The sling bullet closely misses you.
You take 1 damage, and have 2/55 hp.
You hit something but do no damage. Your kick misses something.
You closely miss the orc priest. You miss the orc.
* * * LOW HITPOINT WARNING * * *
You feel very sick.
The goblin shoots a sling bullet.
The sling bullet hits you but does no damage.
You hear some strange, mumbled words.
You are more confused.
The orc completely misses you. The orc priest barely misses you.
You take 1 damage, and have 1/55 hp.
* * * LOW HITPOINT WARNING * * *
You feel very sick.
Things that are here:
a +0 club; a goblin corpse You bump into the rock wall.
You feel a strong urge to attack something.
You feel less invigorated.
You die...

######## ###'### #<......
≈≈≈g≈≈≈ #....... ≈~≈≈≈~~
#....... ....~.~ #.......
....... ###.......
....... ##.........
.......### #..#.......
......))@# ####)##.......
########{###.)..##.......
#.....oo)...#####.......
###.................#.##
#......................
#.#####....######.#....
.. ##!........# #..#.#. #
# ........... ##.#...
#.##.......... #.##.#


You could see an orc priest and an orc.

Vanquished Creatures
  3 gnolls (D:3)
  An adder (D:3)
  2 worms (D:2)
  2 dart slugs (D:2)
  9 orcs (D:3)
  6 ball pythons
  3 endoplasms (D:2)
  A giant cockroach (D:1)
  11 goblins
  5 hobgoblins
  4 jackals
  6 kobolds
  2 quokkas (D:2)
  4 bats
  3 frilled lizards
  7 rats
69 creatures vanquished.

Notes
Turn   | Place    | Note
-------+----------+-------------------------------------------
     0 | D:1      | jasper the Demonspawn Cinder Acolyte began the quest for
                  | the Orb.
     0 | D:1      | Reached XP level 1. HP: 18/18 MP: 2/2
   180 | D:1      | Reached skill level 3 in Axes
   224 | D:1      | Gained mutation: You have large cloven feet. [demonic
                  | ancestry]
   224 | D:1      | Reached XP level 2. HP: 19/24 MP: 3/3
   843 | D:2      | Identified the +0 glaive of the Stoat {pain, Str+3}
   936 | D:2      | Gained mutation: You regenerate a little health from kills.
                  | [demonic ancestry]
   936 | D:2      | Reached XP level 3. HP: 28/29 MP: 4/4
  1534 | D:3      | Reached skill level 4 in Axes
  1534 | D:3      | Reached XP level 4. HP: 36/37 MP: 5/5
  1661 | D:3      | Reached skill level 1 in Armour
  1683 | D:3      | HP: 2/55 [poisoned by an orc wizard]
  1686 | D:3      | Succumbed to an orc wizard's poison

Illustrated notes

Levels and vault maps discovered:
D:1:      dpeg_arrival_refuge, layout_rooms, due_unseen_surprise
D:2:      layout_rooms, amcnicky_mini_rare_corridor_liquid
D:3:      layout_rooms, demons_altar, minmay_goblin_outpost, uniq_sigmund

Skill      XL: |  1  2  3  4 |
---------------+-------------+-----
Axes           | 3 4 |  4.3
Armour         | 1 |  1.0
Fighting       | |  3.9
Spellcasting   | |  1.0
Fire Magic     | |  2.6

Action                     |  1- 3 |  4- 6 || total
---------------------------+-------+-------++-------
  Melee: Hand axe          |   106 |    52 ||   158
         Kick              |    15 |     7 ||    22
         Punch             |     2 |     1 ||     3
  Throw: Stone             |       |     1 ||     1
 Invoke: Fiery Armour      |     1 |       ||     1
    Use: Scroll            |     7 |       ||     7
         Potion            |     1 |     3 ||     4
 Armour: Robe              |    27 |       ||    27
         Chain mail        |     3 |    26 ||    29
  Dodge: Dodged            |    67 |    23 ||    90

Table legend: (Time is in decaauts)
 A = Elapsed time spent in this place.
 B = Non-inter-level travel time spent in this place.
 C = Inter-level travel time spent in this place.
 D = Time resting spent in this place.
 E = Time spent auto-exploring this place.
 F = Levels seen in this place.
 G = Mean time per level.
                   A        B        C        D        E       F      G
               +--------+--------+--------+--------+--------+-----+--------+
         Total |   1712 |   1553 |    159 |    147 |    584 |   3 |  570.7 |
       Dungeon |   1712 |   1553 |    159 |    147 |    584 |   3 |  570.7 |
               +--------+--------+--------+--------+--------+-----+--------+

Top non-repeatable levels by time:
     D:1: 853 daAuts
     D:2: 565 daAuts
     D:3: 293 daAuts
